 Dungeon Crawl Stone Soup version 0.24.0-28-g17ded55e90 (webtiles) character file.

Game seed: 17199659246700058900, levelgen mode: deterministic

144 PentaManta the Sneak (level 5, 0/30 HPs)
             Began as a Kobold Assassin on Nov 11, 2019.
             Slain by a worm (12 damage)
             ... on level 2 of the Dungeon.
             The game lasted 00:01:49 (1301 turns).

PentaManta the Sneak (Kobold Assassin)              Turns: 1301, Time: 00:01:49

Health: 0/30       AC:  4    Str:  8    XL:     5   Next: 51%
Magic:  5/5        EV: 17    Int: 12    God:
Gold:   48         SH:  0    Dex: 18    Spells: 4/4 levels left

rFire    . . .     SeeInvis .   a - +2 dagger
rCold    . . .     Gourm    .   (shield restricted)
rNeg     . . .     Faith    .   b - +0 robe
rPois    .         Spirit   .   o - +0 helmet
rElec    .         Reflect  .   c - +0 cloak
rCorr    .         Harm     .   (no gloves)
MR       .....                  (no boots)
Stlth    ++++......             (no amulet)
HPRegen  0.10/turn              (no ring)
MPRegen  0.09/turn              (no ring)

@: no status effects
A: small, carnivore
a: no special abilities


You were on level 2 of the Dungeon.
You were completely stuffed.

You visited 1 branch of the dungeon, and saw 2 of its levels.

You collected 48 gold pieces.

Inventory:

Hand Weapons
 a - a +2 dagger (weapon)
Missiles
 d - 7 poisoned darts (quivered)
 e - 2 curare-tipped darts
Armour
 b - a +0 robe (worn)
 c - a +0 cloak (worn)
 o - a +0 helmet (worn)
Jewellery
 j - an uncursed ring of see invisible {unknown}
 m - an uncursed amulet of rage {unknown}
Scrolls
 k - a scroll of blinking {unknown}
Potions
 g - a potion of brilliance {unknown}
 h - a potion of haste {unknown}
 i - a potion of heal wounds {unknown}
 l - a potion of lignification {unknown}
 n - a potion of degeneration {unknown}
Comestibles
 f - 4 rations


   Skills:
 - Level 2.1 Fighting
 + Level 4.1 Short Blades
 - Level 2.1 Throwing
 * Level 4.2 Dodging
 + Level 6.4 Stealth


You had 4 spell levels left.
You didn't know any spells.
Your spell library was empty.

Dungeon Overview and Level Annotations

Branches:
Dungeon (2/15)

Altars:


Innate Abilities, Weirdness & Mutations

You are small and have problems with some larger weapons.
You are carnivorous and can eat meat at any time.


Message History

The leopard gecko bites you.
You hit the leopard gecko.
You kill the leopard gecko!
You hit the worm.
The worm is lightly wounded.
The worm bites you.
You hit the worm.
The worm is moderately wounded.
You hit the worm.
The worm is heavily wounded.
All of the chunks of flesh in your inventory have rotted away.
You hit the worm.
The worm is heavily wounded.
The worm bites you but does no damage.
You hit the worm.
The worm is severely wounded.
You hit the worm.
The worm is severely wounded.
The worm bites you!
You die...

...#####################
#(......w@............#
#.......##############.#
##..###.# #.# #.. #.#
#.# . #.# #.# #.#
..###.# ... ...##.# ...
#..##.# #..##.#


You could see a worm.

Vanquished Creatures
  An ogre (D:2)
  Jessica (D:2)
  An adder (D:2)
  A worm (D:2)
  2 leopard geckos
  2 giant cockroaches (D:1)
  6 goblins (D:1)
  4 hobgoblins
  3 kobolds (D:1)
  A frilled lizard (D:1)
  2 rats (D:1)
24 creatures vanquished.

Notes
Turn   | Place    | Note
-------+----------+-------------------------------------------
     0 | D:1      | PentaManta the Kobold Assassin began the quest for the Orb.
     0 | D:1      | Reached XP level 1. HP: 12/12 MP: 1/1
   268 | D:1      | Reached XP level 2. HP: 15/17 MP: 2/2
   894 | D:1      | Reached XP level 3. HP: 21/21 MP: 3/3
  1055 | D:2      | Noticed an ogre
  1058 | D:2      | Killed an ogre
  1058 | D:2      | Reached skill level 6 in Stealth
  1058 | D:2      | Reached XP level 4. HP: 26/26 MP: 4/4
  1058 | D:2      | Reached XP level 5. HP: 30/30 MP: 5/5
  1084 | D:2      | Noticed Jessica
  1096 | D:2      | Killed Jessica
  1301 | D:2      | Slain by a worm

Levels and vault maps discovered:
D:1:      psy_arrival_radial02, layout_rooms, minmay_crystal_room,
          corexii_leaking_fountain
D:2:      layout_loops_ring, tgw_trog, uniq_sigmund, uniq_jessica, uniq_natasha

Skill      XL: |  1  2  3  4  5 |
---------------+----------------+-----
Short Blades   | 3 4 |  4.1
Dodging        | 2 3 4 |  4.2
Stealth        | 6 |  6.4
Fighting       | |  2.1
Throwing       | |  2.1

Action                   |  1- 3 |  4- 6 || total
-------------------------+-------+-------++-------
Melee: Dagger            |    75 |    36 ||   111
Throw: Dart              |       |     5 ||     5
 Stab: Sleeping          |     5 |     1 ||     6
  Eat: Chunk             |     7 |     3 ||    10
Armor: Robe              |     7 |     3 ||    10
Dodge: Dodged            |    31 |    12 ||    43
